 Dungeon Crawl Stone Soup version 0.24-a0-346-ge062c78e24 (console) character file.

Game seed: 15735668022590128140

1467 Dragon00 the Cleaver (level 8, -6/71 HPs)
             Began as a Minotaur Berserker on May 22, 2019.
             Was an Elder of Trog.
             Mangled by a wyvern (7 damage)
             ... on level 7 of the Dungeon.
             The game lasted 00:22:45 (6769 turns).

Dragon00 the Cleaver (Minotaur Berserker)           Turns: 6769, Time: 00:22:46

Health: -6/71      AC: 12    Str: 21    XL:     8   Next: 48%
Magic:  7/7        EV:  9    Int:  4    God:    Trog [****..]
Gold:   267        SH:  0    Dex: 13    Spells: 7/7 levels left

rFire    . . .     SeeInvis .   a - +0 hand axe
rCold    . . .     Gourm    .   (no shield)
rNeg     . . .     Faith    .   u - +0 plate armour
rPois    .         Spirit   .   (helmet restricted)
rElec    .         Reflect  .   (no cloak)
rCorr    .         Harm     .   (no gloves)
MR       .....                  (no boots)
Stlth    ..........             (no amulet)
HPRegen  0.21/turn              (no ring)
MPRegen  0.10/turn              (no ring)

@: no status effects
A: retaliatory headbutt, horns 2
a: Berserk, Trog's Hand, Brothers in Arms, Renounce Religion


You were on level 7 of the Dungeon.
You worshipped Trog.
Trog was greatly pleased with you.
You were not hungry.

You visited 1 branch of the dungeon, and saw 7 of its levels.

You collected 267 gold pieces.

Inventory:

Hand Weapons
 a - a +0 hand axe (weapon)
 b - a +0 hunting sling
Missiles
 h - 170 stones
 t - 2 boomerangs (quivered)
Armour
 u - a +0 plate armour (worn)
Wands
 w - a wand of acid (10)
Scrolls
 e - 6 scrolls of identify {unknown}
 f - 2 scrolls of magic mapping {unknown}
 g - a scroll of enchant weapon {unknown}
 k - a scroll of amnesia {unknown}
 l - 3 scrolls of teleportation {unknown}
 m - 6 scrolls of remove curse {unknown}
 o - a scroll of enchant armour {unknown}
 q - 2 scrolls of immolation {unknown}
Potions
 d - 4 potions of curing
 i - 3 potions of magic {unknown}
 j - a potion of ambrosia {unknown}
 n - 2 potions of agility {unknown}
 p - a potion of degeneration {unknown}
 s - a potion of brilliance {unknown}
 v - a potion of might {unknown}
Comestibles
 c - 9 rations


   Skills:
 + Level 6.8 Fighting
 * Level 8.7 Axes
 + Level 6.1 Armour
 + Level 5.5 Dodging


You had 7 spell levels left.
You didn't know any spells.
Your spell library was empty.

Dungeon Overview and Level Annotations

Branches:
Dungeon (7/15)
 Temple: D:4-7

Altars:
Nemelex Xobeh
Qazlal
Sif Muna
Trog
Vehumet
The Shining One


Innate Abilities, Weirdness & Mutations

You reflexively headbutt those who attack you in melee.
You have a pair of horns on your head.


Message History

You kill the centaur!
Trog accepts your kill.
You hit the wyvern. The wyvern barely misses you.
You hit the wyvern.
The wyvern is moderately wounded.
The wyvern closely misses you.
You hit the wyvern but do no damage.
The wyvern is moderately wounded.
The wyvern barely misses you.
You hit the wyvern but do no damage.
The wyvern is moderately wounded.
The wyvern bites you.
* * * LOW HITPOINT WARNING * * *
The wyvern bites you!
* * * LOW HITPOINT WARNING * * *
You closely miss the wyvern.
You headbutt the wyvern, but do no damage.
The wyvern is moderately wounded.
The wyvern bites you!
You die...

.....(..)..▓
.▓▓.......(..▓▓▓▓..▓▓▓▓▓
.......................
...........▓ ▓........
▓.........▓▓▓........ .
+...(................
..▓+▓..)l.....▓ ▓........
.......÷@.....▓▓▓........
.......(......▓..........
........▓▓▓▓▓▓▓.▓▓..<....
▓▓......▓▓▓ ▓▓.▓▓▓▓▓▓▓▓▓
▓........▓▓▓▓..▓
▓▓▓..).▓..▓...▓▓
▓▓▓▓........▓ ▓▓..▓▓▓...▓
▓..▓ ▓...▓ ▓..▓ ▓▓▓▓▓
▓▓▓▓


You could see a wyvern.

Vanquished Creatures
  An ice beast (D:5)
  An ogre (D:5)
  2 centaurs
  An electric eel (D:6)
  3 howler monkeys
  A crimson imp (D:5)
  A bullfrog zombie (D:6)
  4 orc priests
  Crazy Yiuf (D:5)
  A hound (D:6)
  2 iguanas
  7 orc wizards
  3 worker ants
  A howler monkey zombie (D:5)
  4 gnolls
  11 adders
  4 oozes
  2 adder skeletons
  3 worms
  3 dart slugs
  11 leopard geckos
  26 orcs
  4 ball pythons
  12 giant cockroaches
  8 goblins
  11 hobgoblins
  2 quokkas (D:3)
  6 bats
  4 frilled lizards
  A jackal skeleton (D:6)
  13 kobolds
  7 rats
161 creatures vanquished.

Vanquished Creatures (others)
  A sky beast (D:5)
1 creature vanquished.

Grand Total: 162 creatures vanquished

Notes
Turn   | Place    | Note
-------+----------+-------------------------------------------
     0 | D:1      | Dragon00 the Minotaur Berserker began the quest for the
                  | Orb.
     0 | D:1      | Reached XP level 1. HP: 19/19 MP: 0/0
   179 | D:1      | Reached XP level 2. HP: 21/27 MP: 1/1
   523 | D:1      | Reached skill level 4 in Axes
   710 | D:1      | Reached XP level 3. HP: 21/33 MP: 2/2
  1187 | D:2      | Reached ** piety under Trog
  1254 | D:2      | Reached XP level 4. HP: 40/40 MP: 3/3
  1351 | D:2      | Found a bloodstained altar of Trog.
  1680 | D:2      | Found a radiant altar of Vehumet.
  1881 | D:2      | Found a sparkling altar of Nemelex Xobeh.
  2225 | D:3      | Found a glowing golden altar of the Shining One.
  2300 | D:3      | Reached skill level 5 in Axes
  2300 | D:3      | Reached XP level 5. HP: 30/47 MP: 4/4
  2534 | D:3      | Reached *** piety under Trog
  3601 | D:4      | Reached XP level 6. HP: 55/55 MP: 5/5
  3785 | D:4      | Reached skill level 5 in Fighting
  3908 | D:4      | Reached skill level 6 in Axes
  4379 | D:5      | Entered Level 5 of the Dungeon
  4444 | D:5      | Noticed a sky beast
  4453 | D:5      | Reached XP level 7. HP: 53/61 MP: 6/6
  4468 | D:5      | Reached skill level 7 in Axes
  4468 | D:5      | Reached skill level 5 in Armour
  4594 | D:5      | Reached **** piety under Trog
  4929 | D:5      | Found a runed translucent door.
  4930 | D:5      | Noticed Crazy Yiuf
  4936 | D:5      | Killed Crazy Yiuf
  5101 | D:5      | Reached XP level 8. HP: 69/70 MP: 7/7
  5124 | D:5      | Reached skill level 5 in Dodging
  5179 | D:5      | Reached skill level 8 in Axes
  6371 | D:6      | Found a deep blue altar of Sif Muna.
  6522 | D:5      | Found a stormy altar of Qazlal.
  6768 | D:7      | HP: 1/71 [wyvern (7)]
  6769 | D:7      | Mangled by a wyvern

Levels and vault maps discovered:
D:1:      onia_arrival_handbag, layout_loops_corners, minmay_misc_feat_roman,
          kennysheep_pointless_box
D:2:      layout_basic, nemelex_altar_shiori, vehumet_crystals, bloody_trog
D:3:      layout_loops_ring, overflow_temple_1_default, serial_co_window_serial,
          co_window_corner_a, co_window_of_opportunity_a, co_window_paths_b,
          co_window_cross_1, co_window_of_opportunity_a, co_window_2corner,
          co_window_corner_b, co_window_broadway_b, co_window_4corner_b,
          glass_columns_c, first_ration
D:4:      layout_loops_corners
D:5:      layout_rooms, nicolae_overflow_hidden_temple, uniq_crazy_yiuf_cottage
D:6:      layout_loops_ring, lemuel_blue_sif_altar,
          chequers_serial_rivers_marsh, nrook_pool_corridor,
          minmay_misc_feat_chi
D:7:      layout_rooms, kennysheep_mini_moat, minmay_temple_entry_purple_smoke

Skill      XL: |  1  2  3  4  5  6  7  8 |
---------------+-------------------------+-----
Axes           | 4 5 6 7 8 |  8.7
Fighting       | 4 5 6 |  6.8
Armour         | 3 4 5 6 |  6.1
Dodging        | 3 4 5 |  5.5

Action                   |  1- 3 |  4- 6 |  7- 9 || total
-------------------------+-------+-------+-------++-------
Melee: Hand axe          |    78 |   175 |   184 ||   437
       Headbutt          |    11 |    31 |    35 ||    77
 Fire: Hunting sling     |       |    90 |    38 ||   128
Throw: Stone             |    19 |    50 |     6 ||    75
       Boomerang         |       |       |     2 ||     2
Invok: Berserk           |       |     1 |     2 ||     3
       Trog's Hand       |       |     1 |     2 ||     3
  Use: Potion            |       |       |     1 ||     1
  Eat: Chunk             |     1 |    11 |     7 ||    19
       Ration            |       |       |     1 ||     1
Armor: Animal skin       |     3 |       |       ||     3
       Chain mail        |    40 |   114 |    29 ||   183
       Plate armour      |       |       |    67 ||    67
Dodge: Dodged            |    34 |    90 |    62 ||   186

Table legend:
 A = Non-vault XP
 B = Vault XP
 C = Vault XP percentage of total XP
 D = Non-vault monster count
 E = Vault monster count
 F = Vault count percentage of total count
                 A         B        C        D         E       F
            +---------+---------+-------+---------+---------+-------
      Total |    2050 |      47 |   2.2 |     157 |       5 |   3.1
            +---------+---------+-------+---------+---------+-------
        D:1 |      52 |       5 |   8.8 |      22 |       4 |  15.4
        D:2 |      91 |       0 |   0.0 |      25 |       0 |   0.0
        D:3 |     207 |       0 |   0.0 |      40 |       0 |   0.0
        D:4 |     288 |       0 |   0.0 |      22 |       0 |   0.0
        D:5 |     879 |      42 |   4.6 |      25 |       1 |   3.8
        D:6 |     371 |       0 |   0.0 |      19 |       0 |   0.0
        D:7 |     162 |       0 |   0.0 |       4 |       0 |   0.0
            +---------+---------+-------+---------+---------+-------
